 Dungeon Crawl Stone Soup version 0.27.1-3-gb3d3a73c9e (webtiles) character file.

Game seed: 1942385724353509071

75 Dustman the Ruffian (level 4, -3/44 HPs)
             Began as an Ogre Transmuter on Oct 18, 2021.
             Slain by a gnoll (10 damage)
             ... on level 2 of the Dungeon.
             The game lasted 00:06:40 (926 turns).

Dustman the Ruffian (Ogre Transmuter)                Turns: 926, Time: 00:06:40

Health: -3/44      AC:  3    Str: 17    XL:     4   Next: 31%
Magic:  6/9        EV:  9    Int: 14    God:
Gold:   58         SH:  0    Dex:  9    Spells: 6/9 levels left

rFire    . . .     SeeInvis .     - Unarmed
rCold    . . .     Faith    .   (no shield)
rNeg     . . .     Spirit   .   a - +0 robe
rPois    .         Reflect  .   (helmet currently unavailable)
rElec    .         Harm     .   (no cloak)
rCorr    .         Rampage  .   (gloves unavailable)
Will     .....                  (boots unavailable)
Stlth    +.........             (no amulet)
HPRegen  0.14/turn              (no ring)
MPRegen  0.11/turn              (no ring)

@: appendages, wereblooded
A: horns 2, talons 2, large, unfitting armour, tough skin 1, high mp 1, strong 1
a: End Transformation


You were on level 2 of the Dungeon.
You had temporarily grown beastly horns and talons.
You visited 1 branch of the dungeon, and saw 3 of its levels.

You collected 58 gold pieces.

Inventory:

Missiles
 c - 7 boomerangs of dispersal
Armour
 a - a +0 robe (worn)


   Skills:
 + Level 2.8 Fighting
 - Level 1.7 Dodging
 + Level 3.2 Unarmed Combat
 + Level 3.2 Spellcasting
 + Level 2.5 Transmutations


You had 6 spell levels left.
You knew the following spells:

 Your Spells              Type           Power      Damage    Failure   Level
a - Beastly Appendage     Tmut           18%        N/A       8%          1
b - Wereblood             Tmut           9%         N/A       12%         2

Your spell library contained the following spells:

 Spells                   Type           Power      Damage    Failure   Level
 Spider Form              Tmut/Pois      2%         N/A       36%         3
 Ice Form                 Ice/Tmut       5%         N/A       77%         4
 Fireball                 Conj/Fire      1%         3d3       99%         5
 Starburst                Conj/Fire      1%         6d3       100%        6
 Ignition                 Fire           1%         3d3       100%        8


Dungeon Overview and Level Annotations

Branches:
Dungeon (3/15)

Altars:

Shops:
D:1 =

Annotations:
D:3 Ijyb


Innate Abilities, Weirdness & Mutations

You have temporarily grown beastly horns and talons.
You are too large for most types of armour.
You have tough skin. (AC +1)
You have an increased reservoir of magic. (+10% MP)
Your muscles are strong. (Str +2)


Message History

You hit the worm. You claw the worm!
You feel a bit better.
You kill the worm!
You howl as the wereblood boils in your veins!
The gnoll hits you from afar with a +0 spear.
* * * LOW HITPOINT WARNING * * *
You punch the gnoll! You claw the gnoll. You headbutt the gnoll.
You feel a bit better.
You kill the gnoll!
You have reached level 4!
You closely miss the gnoll.
The gnoll hits you from afar with a +0 spear.
The gnoll completely misses you.
You closely miss the gnoll. Your headbutt misses the gnoll.
The gnoll closely misses you. The gnoll barely misses you.
You closely miss the gnoll. You claw the gnoll!
You feel a bit better.
You kill the gnoll!
Your horns disappear.
Your talons disappear.
The gnoll hits you from afar with a +0 spear!
* * * LOW HITPOINT WARNING * * *
The gnoll hits you with a +0 spear.
* * * LOW HITPOINT WARNING * * *
There is an open door, spattered with blood here.
Items here: )) ††.
You hit the gnoll.
The gnoll is moderately wounded.
The gnoll hits you with a +0 spear.
* * * LOW HITPOINT WARNING * * *
You closely miss the gnoll.
The gnoll is moderately wounded.
The gnoll barely misses you.
You are too injured to fight recklessly!
Casting: Wereblood (safe; 12% risk of failure)
Confirm with . or Enter, or press ? or * to list all spells.
You grow a pair of large bovine horns.
Your feet morph into talons.
The gnoll hits you with a +0 spear.
* * * LOW HITPOINT WARNING * * *
You completely miss the gnoll.
The gnoll is moderately wounded.
The gnoll hits you with a +0 spear!
You die...

#. ... .....#.
#.... .. ....
#.... .......
.... . ...
...##....
....#.###
#.#g....#
#.#@########
#..).......#
##.........#
#.........#
#.........#
#.........#
#.........#
#.........#
#.........#######


You could see a gnoll.

Vanquished Creatures
  3 gnolls (D:2)
  A worm (D:2)
  A dart slug (D:1)
  3 ball pythons (D:1)
  2 endoplasms (D:1)
  3 giant cockroaches
  5 goblins
  5 hobgoblins
  3 jackals (D:1)
  3 quokkas (D:1)
  3 bats
  2 frilled lizards (D:1)
  2 kobolds
  4 rats (D:1)
40 creatures vanquished.

Notes
Turn   | Place    | Note
-------+----------+-------------------------------------------
     0 | D:1      | Dustman the Ogre Transmuter began the quest for the Orb.
     0 | D:1      | Reached XP level 1. HP: 19/19 MP: 3/3
    94 | D:1      | Reached XP level 2. HP: 24/28 MP: 3/5
   229 | D:1      | Found Kieckiux's Jewellery Shop.
   337 | D:1      | Reached XP level 3. HP: 34/35 MP: 7/7
   340 | D:1      | Learned a level 2 spell: Wereblood
   641 | D:3      | Noticed Ijyb
   675 | D:3      | Gained mutation: Your muscles are strong. (Str +2) [potion
                  | of mutation]
   675 | D:3      | Gained mutation: You have an increased reservoir of magic.
                  | (+10% MP) [potion of mutation]
   919 | D:2      | Reached XP level 4. HP: 17/44 MP: 6/9
   926 | D:2      | Slain by a gnoll

Illustrated notes

Levels and vault maps discovered:
D:1:      minmay_arrival_three_doors, layout_loops_corners, serial_shops,
          shop_fountains
D:2:      layout_basic
D:3:      layout_loops_corners, marbit_many_paths, uniq_grinder, uniq_ijyb

Skill      XL: |  1  2  3 |
---------------+----------+-----
Transmutations | 2 |  2.5
Fighting       | 2 |  2.8
Unarmed Combat | 3 |  3.2
Spellcasting   | 3 |  3.2
Dodging        | |  1.7

Action                   |  1- 3 |  4- 6 || total
-------------------------+-------+-------++-------
Melee: Unarmed           |   129 |     6 ||   135
       Kick              |    24 |     1 ||    25
       Headbutt          |    20 |       ||    20
 Cast: Beastly Appendage |    23 |     1 ||    24
       Wereblood         |     1 |       ||     1
  Use: Scroll            |     3 |       ||     3
       Potion            |     3 |       ||     3
Armor: Robe              |    28 |       ||    28
Dodge: Dodged            |    56 |     4 ||    60
